Vancouver Canucks vs Toronto Maple Leafs (R1)

Created - Saturday, September 20, 2025 at 10:20

Goals
1 2 3 T
Vancouver Canucks 1 2 2 5
Toronto Maple Leafs 2 0 1 3
Shots
1 2 3 T
Vancouver Canucks 7 12 7 26
Toronto Maple Leafs 7 12 14 33

1st period

1. Vancouver Canucks , Clayton Keller 14 (Mikko Rantanen 25, Ty Dellandrea 3) at 3:49 (PP)
2. Toronto Maple Leafs , Troy Terry 20 (Mario Ferraro 11, Ryan Pulock 11) at 6:00
3. Toronto Maple Leafs , Andrew Mangiapane 4 (Mackie Samoskevich 4, Joonas Korpisalo) at 14:42

Penalties :
Nick Bjugstad (TOR) for Holding (Minor) at 3:41, Quinton Byfield (TOR) for Hooking (Minor) at 7:41, Sam Bennett (TOR) for Holding Stick (Minor) at 19:34

2nd period

4. Vancouver Canucks , Artturi Lehkonen 10 (Casey Mittelstadt 11, Joel Hanley 10) at 0:12 (PP)
5. Vancouver Canucks , Casey Mittelstadt 11 (Mikko Rantanen 26) at 5:43

Penalties :
Brady Tkachuk (TOR) for Cross-checking (Minor) at 6:32, Nicolas Roy (TOR) for Cross-checking (Minor) at 14:08

3rd period

6. Vancouver Canucks , Artturi Lehkonen 11 (Noah Hanifin 14, Casey Mittelstadt 12) at 5:25
7. Vancouver Canucks , Mikko Rantanen 19 (Jake Bean 4, Emil Martinsen Lilleberg 8) at 7:54
8. Toronto Maple Leafs , Brady Tkachuk 12 (Wyatt Johnston 19, Quinton Byfield 19) at 17:58

Penalties :
Mikko Rantanen (VAN) for High sticking (Minor) at 1:55, Mikko Rantanen (VAN) for Tripping (Minor) at 8:36

Goalie Stats

Cam Talbot (VAN), 30 saves from 33 shots - (0.909), W, 10-8-1, 60:00 minutes
Joonas Korpisalo (TOR), 21 saves from 26 shots - (0.808), L, 4-12-2, 60:00 minutes

Players Stats for Vancouver Canucks

Player Name              G  A  P  +/- PIM S  H  SB GA TA FO     MP     PP MP  PK MP  
------------------------------------------------------------------------------------
Anton Lundell            0  0  0  -1  0   1  3  0  0  0  3/3    14:51   0:00   1:58 
Artturi Lehkonen         2  0  2   0  0   3  5  0  0  0  0/1    22:31   3:43   1:44 
Bobby McMann             0  0  0  -1  0   2  1  1  1  0  0/0    11:03   0:00   0:00 
Brett Leason             0  0  0   0  0   0  0  0  0  0  0/0     2:12   0:00   0:00 
Casey Mittelstadt        1  2  3   2  0   1  0  0  2  0  4/9    14:05   3:43   0:16 
Clayton Keller           1  0  1   0  0   4  1  1  3  0  5/23   20:58   3:00   0:16 
Connor Zary              0  0  0  -1  0   1  2  1  0  1  1/1    16:32   3:43   0:00 
Emil Martinsen Lilleberg 0  1  1   1  0   1  0  1  0  0  0/0    13:17   0:00   0:00 
Jake Bean                0  1  1   1  0   0  0  3  0  0  0/0    13:17   0:00   0:00 
Jesperi Kotkaniemi       0  0  0  -1  0   3  0  1  0  0  1/1    13:21   0:00   1:58 
Joel Hanley              0  1  1   0  0   1  2  5  0  0  0/0    20:08   3:03   1:47 
Matias Maccelli          0  0  0   2  0   1  0  0  0  0  0/0     9:53   0:00   0:00 
Mikko Rantanen           1  2  3   2  4   3  1  0  3  0  0/0    20:29   3:00   0:00 
Miro Heiskanen           0  0  0  -1  0   3  0  1  0  1  0/0    26:35   3:40   2:11 
Noah Hanifin             0  1  1  -1  0   1  0  1  1  0  0/0    26:35   3:40   2:11 
Ryan McDonagh            0  0  0   0  0   1  1  6  0  0  0/0    20:08   3:03   1:47 
Sean Couturier           0  0  0  -1  0   0  1  0  1  0  5/7    11:03   0:00   0:00 
Ty Dellandrea            0  1  1  -1  0   0  3  3  0  2  6/16   19:02   3:00   1:44 

Players Stats for Toronto Maple Leafs

Player Name              G  A  P  +/- PIM S  H  SB GA TA FO     MP     PP MP  PK MP  
------------------------------------------------------------------------------------
Aaron Ekblad             0  0  0  -1  0   0  2  3  0  2  0/0    26:23   1:47   3:38 
Andrew Mangiapane        1  0  1  -1  0   2  2  1  0  0  0/0     7:55   0:00   0:00 
Bowen Byram              0  0  0   1  0   0  0  0  0  0  0/0    13:21   0:00   0:00 
Brady Tkachuk            1  0  1   2  2   5  0  0  0  1  1/3    18:34   1:58   2:23 
Brandon Saad             0  0  0   0  0   2  0  0  0  0  0/0    13:12   0:00   0:52 
Cody Ceci                0  0  0  -1  0   2  1  2  0  2  0/0    26:23   1:47   3:38 
Mackie Samoskevich       0  1  1  -1  0   2  1  0  0  0  1/1     7:55   0:00   0:00 
Mario Ferraro            0  1  1   0  0   1  1  2  0  0  0/0    20:16   2:11   3:05 
Nick Bjugstad            0  0  0  -1  2   0  1  0  0  0  1/2     9:05   0:00   0:55 
Nicolas Roy              0  0  0   0  2   1  0  0  1  0  1/2    13:42   0:00   1:34 
Quinton Byfield          0  1  1   2  2   2  1  0  1  1  3/3    17:56   1:58   1:44 
Ryan Pulock              0  1  1   0  0   0  1  3  0  1  0/0    20:16   2:11   3:05 
Sam Bennett              0  0  0  -1  2   6  3  0  1  1  7/14   19:28   2:00   2:40 
Sam Malinski             0  0  0   1  0   1  0  0  0  0  0/0    13:21   0:00   0:00 
Scott Laughton           0  0  0   0  0   0  1  0  0  0  6/9    12:07   0:00   0:00 
Troy Terry               1  0  1  -1  0   4  0  1  0  1  2/2    16:49   2:00   0:00 
Warren Foegele           0  0  0  -1  0   4  0  0  1  2  0/1    16:46   2:00   0:00 
Wyatt Johnston           0  1  1   2  0   1  2  0  0  0  14/24  19:43   1:58   3:18 

3 Stars

1 - Artturi Lehkonen (VAN)
2 - Casey Mittelstadt (VAN)
3 - Mikko Rantanen (VAN)

Power Play

Vancouver Canucks - 2 on 5 Attempt(s) - 40.00%
Toronto Maple Leafs - 0 on 2 Attempt(s) - 0.00%

Penalty Kill

Vancouver Canucks - 2 on 2 Attempt(s) - 100.00% - Score 0 goal in Penalty Kill
Toronto Maple Leafs - 3 on 5 Attempt(s) - 60.00% - Score 0 goal in Penalty Kill

Team Stat

Vancouver Canucks - Hits : 20 - Faceoff Wins : 25 - Blocked Shots : 24 - Penalty Minutes : 4
Toronto Maple Leafs - Hits : 16 - Faceoff Wins : 36 - Blocked Shots : 12 - Penalty Minutes : 10

Official

Referees : Michael Markovic and Jon Mcisaac
Linesman : Jesse Marquis and Justin Johnson

Game Notes

Brett Leason is injured at 13:05 of 1st period (Bruised Left Arm)

Finance

Level 1 -- Attendance: 6000 (100.00%) -- Ticket Income $564,000
Level 2 -- Attendance: 4684 (93.68%) -- Ticket Income $252,936
Level 3 -- Attendance: 3000 (100.00%) -- Ticket Income $99,000
Level 4 -- Attendance: 4830 (96.60%) -- Ticket Income $101,430
Luxury Box -- Attendance: 958 (95.80%) -- Ticket Income $184,894
Game was played at the Air Canada Centre.
Total Attendance: 19472 (97.36%)
Total Ticket Income: $1,202,260
Other Income: $420,791
Total Income: $1,623,051

Vancouver Canucks

5 vs 5 Forward 
   Center                   Left Wing                Right Wing               Time % Phy DF OF 
 1 Clayton Keller           Artturi Lehkonen         Mikko Rantanen           37     1   1  3  
 2 Ty Dellandrea            Connor Zary              Anton Lundell            28     1   2  2  
 3 Sean Couturier           Jesperi Kotkaniemi       Bobby McMann             21     1   2  2  
 4 Casey Mittelstadt        Matias Maccelli          Brett Leason             14     1   3  1  

5 vs 5 Defense 
   Defense                  Defense                                           Time % Phy DF OF 
 1 Noah Hanifin             Miro Heiskanen                                    30     1   2  2  
 2 Ryan McDonagh            Joel Hanley                                       30     1   2  2  
 3 Jake Bean                Emil Martinsen Lilleberg                          25     1   2  2  
 4 Noah Hanifin             Miro Heiskanen                                    15     1   2  2  

PowerPlay Forward 
   Center                   Left Wing                Right Wing               Time % Phy DF OF 
 1 Ty Dellandrea            Clayton Keller           Mikko Rantanen           50     0   1  4  
 2 Casey Mittelstadt        Connor Zary              Artturi Lehkonen         50     0   1  4  

PowerPlay Defense
   Defense                  Defense                                           Time % Phy DF OF 
 1 Noah Hanifin             Miro Heiskanen                                    50     0   1  4  
 2 Ryan McDonagh            Joel Hanley                                       50     0   1  4  

Penalty Kill 4 Players Forward 
   Center                   Wing                     Time % Phy DF OF 
 1 Anton Lundell            Brett Leason             50     1   2  2  
 2 Ty Dellandrea            Artturi Lehkonen         50     1   2  2  

Penalty Kill 4 Players Defense
   Defense                  Defense                  Time % Phy DF OF 
 1 Ryan McDonagh            Joel Hanley              50     1   2  2  
 2 Noah Hanifin             Miro Heiskanen           50     1   2  2  

Penalty Kill - 3 Players Forward 
   Forward                                           Time % Phy DF OF 
 1 Anton Lundell                                     50     1   2  2  
 2 Brett Leason                                      50     1   2  2  

Penalty Kill - 3 Players Defense
   Defense                  Defense                  Time % Phy DF OF 
 1 Ryan McDonagh            Joel Hanley              50     1   2  2  
 2 Noah Hanifin             Miro Heiskanen           50     1   2  2  

4 vs 4 Forward 
   Center                   Wing                     Time % Phy DF OF 
 1 Ty Dellandrea            Mikko Rantanen           50     1   2  2  
 2 Clayton Keller           Artturi Lehkonen         50     1   2  2  

4 vs 4 Defense
   Defense                  Defense                  Time % Phy DF OF 
 1 Noah Hanifin             Miro Heiskanen           50     1   2  2  
 2 Ryan McDonagh            Joel Hanley              50     1   2  2  

Last Minutes Offensive
   Center                   Left Wing                Right Wing               Defense                  Defense                  
   Ty Dellandrea            Clayton Keller           Mikko Rantanen           Noah Hanifin             Miro Heiskanen           

Last Minutes Defensive
   Center                   Left Wing                Right Wing               Defense                  Defense                  
   Anton Lundell            Artturi Lehkonen         Brett Leason             Ryan McDonagh            Joel Hanley              

Goaltenders
Starting : Cam Talbot               
Backup : Justus Annunen           

Extra Forwards
Normal : Mikko Rantanen, Artturi Lehkonen, Clayton Keller - PP : Mikko Rantanen, Clayton Keller - PK : Anton Lundell
Extra Defensemen
Normal : Miro Heiskanen, Noah Hanifin, Ryan McDonagh - PP : Miro Heiskanen - PK : Ryan McDonagh, Joel Hanley
Penalty Shots
Ty Dellandrea, Anton Lundell, Artturi Lehkonen, Jesperi Kotkaniemi, Noah Hanifin

Scratches
Jacob Bernard-Docker (Healthy), Aleksander Barkov (Healthy), Eemil Viro (Healthy), Jacob Bryson (Healthy)

Toronto Maple Leafs

5 vs 5 Forward 
   Center                   Left Wing                Right Wing               Time % Phy DF OF 
 1 Wyatt Johnston           Brady Tkachuk            Quinton Byfield          30     1   2  2  
 2 Sam Bennett              Troy Terry               Warren Foegele           30     1   2  2  
 3 Scott Laughton           Brandon Saad             Nicolas Roy              25     1   2  2  
 4 Nick Bjugstad            Andrew Mangiapane        Mackie Samoskevich       15     1   2  2  

5 vs 5 Defense 
   Defense                  Defense                                           Time % Phy DF OF 
 1 Aaron Ekblad             Cody Ceci                                         30     1   2  2  
 2 Ryan Pulock              Mario Ferraro                                     30     1   2  2  
 3 Bowen Byram              Sam Malinski                                      25     1   2  2  
 4 Aaron Ekblad             Cody Ceci                                         15     1   2  2  

PowerPlay Forward 
   Center                   Left Wing                Right Wing               Time % Phy DF OF 
 1 Wyatt Johnston           Brady Tkachuk            Quinton Byfield          50     1   2  2  
 2 Sam Bennett              Troy Terry               Warren Foegele           50     1   2  2  

PowerPlay Defense
   Defense                  Defense                                           Time % Phy DF OF 
 1 Aaron Ekblad             Cody Ceci                                         50     1   2  2  
 2 Ryan Pulock              Mario Ferraro                                     50     1   2  2  

Penalty Kill 4 Players Forward 
   Center                   Wing                     Time % Phy DF OF 
 1 Wyatt Johnston           Brady Tkachuk            50     1   2  2  
 2 Quinton Byfield          Sam Bennett              50     1   2  2  

Penalty Kill 4 Players Defense
   Defense                  Defense                  Time % Phy DF OF 
 1 Aaron Ekblad             Cody Ceci                50     1   2  2  
 2 Ryan Pulock              Mario Ferraro            50     1   2  2  

Penalty Kill - 3 Players Forward 
   Forward                                           Time % Phy DF OF 
 1 Wyatt Johnston                                    50     1   2  2  
 2 Brady Tkachuk                                     50     1   2  2  

Penalty Kill - 3 Players Defense
   Defense                  Defense                  Time % Phy DF OF 
 1 Aaron Ekblad             Cody Ceci                50     1   2  2  
 2 Ryan Pulock              Mario Ferraro            50     1   2  2  

4 vs 4 Forward 
   Center                   Wing                     Time % Phy DF OF 
 1 Wyatt Johnston           Brady Tkachuk            50     1   2  2  
 2 Quinton Byfield          Sam Bennett              50     1   2  2  

4 vs 4 Defense
   Defense                  Defense                  Time % Phy DF OF 
 1 Aaron Ekblad             Cody Ceci                50     1   2  2  
 2 Ryan Pulock              Mario Ferraro            50     1   2  2  

Last Minutes Offensive
   Center                   Left Wing                Right Wing               Defense                  Defense                  
   Wyatt Johnston           Brady Tkachuk            Quinton Byfield          Aaron Ekblad             Cody Ceci                

Last Minutes Defensive
   Center                   Left Wing                Right Wing               Defense                  Defense                  
   Wyatt Johnston           Brady Tkachuk            Quinton Byfield          Aaron Ekblad             Cody Ceci                

Goaltenders
Starting : Joonas Korpisalo         
Backup : Garin Bjorklund          

Extra Forwards
Normal : Nick Bjugstad, Scott Laughton, Nicolas Roy - PP : Nick Bjugstad, Scott Laughton - PK : Nicolas Roy
Extra Defensemen
Normal : Bowen Byram, Sam Malinski, Ryan Pulock - PP : Bowen Byram - PK : Sam Malinski, Ryan Pulock
Penalty Shots
Wyatt Johnston, Brady Tkachuk, Quinton Byfield, Sam Bennett, Troy Terry

Scratches
P.O. Joseph (Healthy), Lucas Carlsson (Healthy), Connor Dewar (Healthy), Frederik Andersen (Bruised Right Shoulder Injury)

% Time on Ice - Vancouver Canucks

Lines # - Real PCT - Wanted PCT - Time Play
Normal Forward
1 - 31% - 37% - 15:06
2 - 27% - 28% - 13:17
3 - 22% - 21% - 11:03
4 - 20% - 14% - 9:53
Normal Defense
1 - 32% - 30% - 15:35
2 - 30% - 30% - 14:52
3 - 27% - 25% - 13:17
4 - 11% - 15% - 5:35
PP Forward
1 - 45% - 50% - 3:00
2 - 55% - 50% - 3:43
PP Defense
1 - 55% - 50% - 3:40
2 - 45% - 50% - 3:03
PK Forward
1 - 56% - 50% - 2:14
2 - 44% - 50% - 1:44
PK Defense
1 - 45% - 50% - 1:47
2 - 55% - 50% - 2:11
PK3 Forward
1 - 0% - 50%
2 - 0% - 50%
PK3 Defense
1 - 0% - 50%
2 - 0% - 50%
44 Forward
1 - 0% - 50%
2 - 0% - 50%
44 Defense
1 - 0% - 50%
2 - 0% - 50%
Last Minute Offensive  - 0:00
Last Minute Defensive  - 0:00
Total
Forward - 60:00
Defense - 60:00

% Time on Ice - Toronto Maple Leafs

Lines # - Real PCT - Wanted PCT - Time Play
Normal Forward
1 - 29% - 30% - 14:14
2 - 31% - 30% - 15:03
3 - 25% - 25% - 12:07
4 - 16% - 15% - 7:55
Normal Defense
1 - 30% - 30% - 14:41
2 - 30% - 30% - 15:00
3 - 27% - 25% - 13:21
4 - 13% - 15% - 6:17
PP Forward
1 - 50% - 50% - 1:58
2 - 50% - 50% - 2:00
PP Defense
1 - 45% - 50% - 1:47
2 - 55% - 50% - 2:11
PK Forward
1 - 50% - 50% - 3:21
2 - 50% - 50% - 3:22
PK Defense
1 - 54% - 50% - 3:38
2 - 46% - 50% - 3:05
PK3 Forward
1 - 0% - 50%
2 - 0% - 50%
PK3 Defense
1 - 0% - 50%
2 - 0% - 50%
44 Forward
1 - 0% - 50%
2 - 0% - 50%
44 Defense
1 - 0% - 50%
2 - 0% - 50%
Last Minute Offensive  - 0:00
Last Minute Defensive  - 0:00
Total
Forward - 60:00
Defense - 60:00

Play-by-Play

1st period


0:01 of 1st period - Clayton Keller wins face-off versus Wyatt Johnston in neutral zone.
0:37 of 1st period - Snap shot by Warren Foegele.
0:37 of 1st period - Stopped by Cam Talbot with a rebound.
1:17 of 1st period - Slapshot by Andrew Mangiapane.
1:17 of 1st period - Stopped by Cam Talbot without a rebound.
1:18 of 1st period - Wyatt Johnston wins face-off versus Clayton Keller in Vancouver Canucks zone.
1:19 of 1st period - Snap shot by Quinton Byfield.
1:19 of 1st period - Shot Blocked by Jake Bean.
1:45 of 1st period - Bowen Byram is hit by Connor Zary and loses puck.
1:55 of 1st period - Icing by Ty Dellandrea.
1:56 of 1st period - Anton Lundell wins face-off versus Nick Bjugstad in Vancouver Canucks zone.
2:29 of 1st period - Snap shot by Brandon Saad.
2:29 of 1st period - Shot Blocked by Ryan McDonagh.
2:31 of 1st period - Slapshot by Aaron Ekblad.
2:31 of 1st period - Shot Blocked by Ryan McDonagh.
3:41 of 1st period - Minor Penalty to Nick Bjugstad for Holding.
3:42 of 1st period - Ty Dellandrea wins face-off versus Wyatt Johnston in Toronto Maple Leafs zone.
3:47 of 1st period - Snap shot by Clayton Keller.
3:47 of 1st period - Shot Blocked by Aaron Ekblad.
3:49 of 1st period - Wrist shot by Mikko Rantanen.
3:49 of 1st period - Deflect By Clayton Keller.
3:49 of 1st period - Goal by Clayton Keller - Vancouver Canucks : 1 - Toronto Maple Leafs : 0.
3:50 of 1st period - Clayton Keller wins face-off versus Scott Laughton in neutral zone.
3:59 of 1st period - Off-side.
4:00 of 1st period - Scott Laughton wins face-off versus Clayton Keller in neutral zone.
4:07 of 1st period - Mikko Rantanen is hit by Aaron Ekblad and loses puck.
4:52 of 1st period - Wrist shot by Clayton Keller.
4:52 of 1st period - Shot Misses the Net.
5:00 of 1st period - Wrist shot by Clayton Keller.
5:00 of 1st period - Stopped by Joonas Korpisalo without a rebound.
5:01 of 1st period - Sean Couturier wins face-off versus Sam Bennett in Toronto Maple Leafs zone.
5:02 of 1st period - Snap shot by Bobby McMann.
5:02 of 1st period - Shot Blocked by Ryan Pulock.
5:08 of 1st period - Wrist shot by Sam Bennett.
5:08 of 1st period - Deflect By Troy Terry.
5:08 of 1st period - Shot Blocked by Bobby McMann.
5:08 of 1st period - Puck is out of play.
5:09 of 1st period - Sean Couturier wins face-off versus Sam Bennett in Vancouver Canucks zone.
5:22 of 1st period - Wrist shot by Sam Bennett.
5:22 of 1st period - Stopped by Cam Talbot with a rebound.
5:24 of 1st period - Snap shot by Warren Foegele.
5:24 of 1st period - Shot Misses the Net.
5:26 of 1st period - Snap shot by Warren Foegele.
5:26 of 1st period - Stopped by Cam Talbot with a rebound.
5:28 of 1st period - Wrist shot by Mario Ferraro.
5:28 of 1st period - Shot Misses the Net.
5:30 of 1st period - Snap shot by Troy Terry.
5:30 of 1st period - Shot Misses the Net.
5:32 of 1st period - Slapshot by Ryan Pulock.
5:32 of 1st period - Shot Hit the Post.
5:54 of 1st period - Backhand shot by Troy Terry.
5:54 of 1st period - Shot Misses the Net.
5:56 of 1st period - Slapshot by Ryan Pulock.
5:56 of 1st period - Shot Blocked by Jake Bean.
5:58 of 1st period - Slapshot by Mario Ferraro.
5:58 of 1st period - Shot Misses the Net.
6:00 of 1st period - Slapshot by Mario Ferraro.
6:00 of 1st period - Deflect By Troy Terry.
6:00 of 1st period - Goal by Troy Terry - Vancouver Canucks : 1 - Toronto Maple Leafs : 1.
6:01 of 1st period - Wyatt Johnston wins face-off versus Ty Dellandrea in neutral zone.
7:13 of 1st period - Bowen Byram is hit by Ty Dellandrea and loses puck.
7:41 of 1st period - Minor Penalty to Quinton Byfield for Hooking.
7:42 of 1st period - Casey Mittelstadt wins face-off versus Nicolas Roy in Toronto Maple Leafs zone.
7:43 of 1st period - Snap shot by Artturi Lehkonen.
7:43 of 1st period - Shot Blocked by Mario Ferraro.
7:45 of 1st period - Slapshot by Joel Hanley.
7:45 of 1st period - Stopped by Joonas Korpisalo with a rebound.
7:47 of 1st period - Slapshot by Ryan McDonagh.
7:47 of 1st period - Shot Misses the Net.
7:49 of 1st period - Snap shot by Ryan McDonagh.
7:49 of 1st period - Deflect By Mario Ferraro.
7:49 of 1st period - Stopped by Joonas Korpisalo without a rebound.
7:50 of 1st period - Nicolas Roy wins face-off versus Casey Mittelstadt in Toronto Maple Leafs zone.
8:25 of 1st period - Slapshot by Sam Bennett.
8:25 of 1st period - Shot Misses the Net.
8:37 of 1st period - Artturi Lehkonen is hit by Wyatt Johnston and loses puck.
9:41 of 1st period - Penalty to Quinton Byfield is over, Quinton Byfield is back on ice.
9:48 of 1st period - Sam Malinski is hit by Mikko Rantanen and loses puck.
10:27 of 1st period - Snap shot by Troy Terry.
10:27 of 1st period - Stopped by Cam Talbot with a rebound.
10:50 of 1st period - Snap shot by Andrew Mangiapane.
10:50 of 1st period - Shot Misses the Net.
10:53 of 1st period - Icing by Emil Martinsen Lilleberg.
10:54 of 1st period - Mackie Samoskevich wins face-off versus Sean Couturier in Vancouver Canucks zone.
11:17 of 1st period - Wrist shot by Brady Tkachuk.
11:17 of 1st period - Shot Misses the Net.
11:19 of 1st period - Snap shot by Wyatt Johnston.
11:19 of 1st period - Shot Blocked by Ty Dellandrea.
11:21 of 1st period - Snap shot by Quinton Byfield.
11:21 of 1st period - Shot Misses the Net.
11:23 of 1st period - Snap shot by Brady Tkachuk.
11:23 of 1st period - Shot Blocked by Ty Dellandrea.
11:43 of 1st period - Snap shot by Ty Dellandrea.
11:43 of 1st period - Shot Misses the Net.
12:32 of 1st period - Wrist shot by Artturi Lehkonen.
12:32 of 1st period - Stopped by Joonas Korpisalo with a rebound.
12:34 of 1st period - Wrist shot by Emil Martinsen Lilleberg.
12:34 of 1st period - Shot Blocked by Aaron Ekblad.
12:36 of 1st period - Snap shot by Casey Mittelstadt.
12:36 of 1st period - Deflect By Matias Maccelli.
12:36 of 1st period - Shot Hit the Post.
12:36 of 1st period - Puck is out of play.
12:37 of 1st period - Casey Mittelstadt wins face-off versus Warren Foegele in Toronto Maple Leafs zone.
13:04 of 1st period - Brett Leason is hit by Scott Laughton and loses puck.
13:05 of 1st period - Brett Leason from Vancouver Canucks is injured at 13:05 of 1st period (Bruised Left Arm).
13:06 of 1st period - Wyatt Johnston wins face-off versus Clayton Keller in Vancouver Canucks zone.
13:46 of 1st period - Wrist shot by Clayton Keller.
13:46 of 1st period - Shot Misses the Net.
14:23 of 1st period - Bowen Byram is hit by Bobby McMann and loses puck.
14:28 of 1st period - Snap shot by Sean Couturier.
14:28 of 1st period - Shot Misses the Net.
14:42 of 1st period - Wrist shot by Andrew Mangiapane.
14:42 of 1st period - Goal by Andrew Mangiapane - Vancouver Canucks : 1 - Toronto Maple Leafs : 2.
14:43 of 1st period - Brady Tkachuk wins face-off versus Ty Dellandrea in neutral zone.
15:33 of 1st period - Clayton Keller is hit by Sam Bennett and loses puck.
15:44 of 1st period - Snap shot by Mikko Rantanen.
15:44 of 1st period - Deflect By Clayton Keller.
15:44 of 1st period - Stopped by Joonas Korpisalo with a rebound.
15:54 of 1st period - Joel Hanley is hit by Mackie Samoskevich and loses puck.
16:15 of 1st period - Snap shot by Quinton Byfield.
16:15 of 1st period - Shot Misses the Net.
16:39 of 1st period - Ryan Pulock is hit by Artturi Lehkonen and loses puck.
17:08 of 1st period - Joel Hanley is hit by Nick Bjugstad.
17:36 of 1st period - Aaron Ekblad is hit by Artturi Lehkonen and loses puck.
18:01 of 1st period - Icing by Nicolas Roy.
18:02 of 1st period - Sam Bennett wins face-off versus Ty Dellandrea in Toronto Maple Leafs zone.
18:09 of 1st period - Wrist shot by Troy Terry.
18:09 of 1st period - Shot Misses the Net.
19:34 of 1st period - Minor Penalty to Sam Bennett for Holding Stick.
19:35 of 1st period - Ty Dellandrea wins face-off versus Wyatt Johnston in Toronto Maple Leafs zone.
19:36 of 1st period - Wrist shot by Mikko Rantanen.
19:36 of 1st period - Shot Misses the Net.
19:38 of 1st period - Wrist shot by Miro Heiskanen.
19:38 of 1st period - Stopped by Joonas Korpisalo with a rebound.
Goals for this period are 1 for Vancouver Canucks vs 2 for Toronto Maple Leafs.
Shots for this period are 7 for Vancouver Canucks vs 7 for Toronto Maple Leafs.

2nd period


0:01 of 2nd period - Connor Zary wins face-off versus Wyatt Johnston in neutral zone.
0:12 of 2nd period - Wrist shot by Artturi Lehkonen.
0:12 of 2nd period - Goal by Artturi Lehkonen - Vancouver Canucks : 2 - Toronto Maple Leafs : 2.
0:13 of 2nd period - Wyatt Johnston wins face-off versus Clayton Keller in neutral zone.
0:27 of 2nd period - Slapshot by Mikko Rantanen.
0:27 of 2nd period - Shot Blocked by Cody Ceci.
0:29 of 2nd period - Slapshot by Miro Heiskanen.
0:29 of 2nd period - Stopped by Joonas Korpisalo with a rebound.
0:39 of 2nd period - Cody Ceci is hit by Anton Lundell and loses puck.
0:46 of 2nd period - Wrist shot by Anton Lundell.
0:46 of 2nd period - Stopped by Joonas Korpisalo without a rebound.
0:47 of 2nd period - Sam Bennett wins face-off versus Clayton Keller in Toronto Maple Leafs zone.
0:52 of 2nd period - Mario Ferraro is hit by Ryan McDonagh and loses puck.
1:19 of 2nd period - Wrist shot by Jesperi Kotkaniemi.
1:19 of 2nd period - Deflect By Bobby McMann.
1:19 of 2nd period - Shot Misses the Net.
1:19 of 2nd period - Puck is out of play.
1:20 of 2nd period - Sean Couturier wins face-off versus Wyatt Johnston in Toronto Maple Leafs zone.
1:21 of 2nd period - Backhand shot by Bobby McMann.
1:21 of 2nd period - Stopped by Joonas Korpisalo without a rebound.
1:22 of 2nd period - Quinton Byfield wins face-off versus Clayton Keller in Toronto Maple Leafs zone.
1:49 of 2nd period - Noah Hanifin is hit by Aaron Ekblad and loses puck.
2:53 of 2nd period - Off-side.
2:54 of 2nd period - Wyatt Johnston wins face-off versus Clayton Keller in neutral zone.
2:59 of 2nd period - Slapshot by Wyatt Johnston.
2:59 of 2nd period - Shot Blocked by Joel Hanley.
3:01 of 2nd period - Wrist shot by Brady Tkachuk.
3:01 of 2nd period - Shot Misses the Net.
3:05 of 2nd period - Slapshot by Quinton Byfield.
3:05 of 2nd period - Shot Blocked by Clayton Keller.
3:07 of 2nd period - Slapshot by Aaron Ekblad.
3:07 of 2nd period - Shot Blocked by Ryan McDonagh.
3:11 of 2nd period - Slapshot by Brady Tkachuk.
3:11 of 2nd period - Shot Misses the Net.
3:27 of 2nd period - Snap shot by Connor Zary.
3:27 of 2nd period - Stopped by Joonas Korpisalo without a rebound.
3:28 of 2nd period - Ty Dellandrea wins face-off versus Scott Laughton in Toronto Maple Leafs zone.
4:22 of 2nd period - Wrist shot by Mikko Rantanen.
4:22 of 2nd period - Shot Misses the Net.
4:58 of 2nd period - Backhand shot by Connor Zary.
4:58 of 2nd period - Shot Blocked by Cody Ceci.
5:14 of 2nd period - Wyatt Johnston is hit by Joel Hanley and loses puck.
5:33 of 2nd period - Wrist shot by Warren Foegele.
5:33 of 2nd period - Stopped by Cam Talbot without a rebound.
5:34 of 2nd period - Casey Mittelstadt wins face-off versus Sam Bennett in Vancouver Canucks zone.
5:43 of 2nd period - Snap shot by Casey Mittelstadt.
5:43 of 2nd period - Goal by Casey Mittelstadt - Vancouver Canucks : 3 - Toronto Maple Leafs : 2.
5:44 of 2nd period - Wyatt Johnston wins face-off versus Clayton Keller in neutral zone.
6:13 of 2nd period - Wrist shot by Troy Terry.
6:13 of 2nd period - Stopped by Cam Talbot with a rebound.
6:21 of 2nd period - Slapshot by Miro Heiskanen.
6:21 of 2nd period - Stopped by Joonas Korpisalo without a rebound.
6:22 of 2nd period - Quinton Byfield wins face-off versus Sean Couturier in Toronto Maple Leafs zone.
6:32 of 2nd period - Minor Penalty to Brady Tkachuk for Cross-checking.
6:33 of 2nd period - Wyatt Johnston wins face-off versus Ty Dellandrea in Toronto Maple Leafs zone.
8:21 of 2nd period - Cody Ceci is hit by Connor Zary and loses puck.
8:32 of 2nd period - Penalty to Brady Tkachuk is over, Brady Tkachuk is back on ice.
8:52 of 2nd period - Mackie Samoskevich is hit by Joel Hanley and loses puck.
9:40 of 2nd period - Quinton Byfield is hit by Ty Dellandrea and loses puck.
9:55 of 2nd period - Wrist shot by Matias Maccelli.
9:55 of 2nd period - Stopped by Joonas Korpisalo without a rebound.
9:56 of 2nd period - Sam Bennett wins face-off versus Clayton Keller in Toronto Maple Leafs zone.
10:03 of 2nd period - Wrist shot by Sam Bennett.
10:03 of 2nd period - Stopped by Cam Talbot without a rebound.
10:04 of 2nd period - Jesperi Kotkaniemi wins face-off versus Brady Tkachuk in Vancouver Canucks zone.
10:13 of 2nd period - Snap shot by Jesperi Kotkaniemi.
10:13 of 2nd period - Stopped by Joonas Korpisalo with a rebound.
10:15 of 2nd period - Slapshot by Emil Martinsen Lilleberg.
10:15 of 2nd period - Shot Misses the Net.
10:17 of 2nd period - Wrist shot by Sean Couturier.
10:17 of 2nd period - Shot Hit the Post.
10:19 of 2nd period - Wrist shot by Jesperi Kotkaniemi.
10:19 of 2nd period - Stopped by Joonas Korpisalo with a rebound.
10:40 of 2nd period - Icing by Cody Ceci.
10:41 of 2nd period - Scott Laughton wins face-off versus Clayton Keller in Toronto Maple Leafs zone.
10:56 of 2nd period - Snap shot by Scott Laughton.
10:56 of 2nd period - Shot Blocked by Noah Hanifin.
10:58 of 2nd period - Wrist shot by Brandon Saad.
10:58 of 2nd period - Deflect By Mikko Rantanen.
10:58 of 2nd period - Shot Blocked by Miro Heiskanen.
10:58 of 2nd period - Puck is out of play.
10:59 of 2nd period - Anton Lundell wins face-off versus Wyatt Johnston in Vancouver Canucks zone.
10:59 of 2nd period - Anton Lundell is hit by Quinton Byfield.
11:04 of 2nd period - Noah Hanifin is hit by Mario Ferraro and loses puck.
11:25 of 2nd period - Miro Heiskanen is hit by Ryan Pulock and loses puck.
11:52 of 2nd period - Snap shot by Clayton Keller.
11:52 of 2nd period - Stopped by Joonas Korpisalo with a rebound.
12:20 of 2nd period - Warren Foegele is hit by Artturi Lehkonen and loses puck.
12:29 of 2nd period - Snap shot by Mikko Rantanen.
12:29 of 2nd period - Stopped by Joonas Korpisalo without a rebound.
12:30 of 2nd period - Wyatt Johnston wins face-off versus Ty Dellandrea in Toronto Maple Leafs zone.
12:45 of 2nd period - Wrist shot by Wyatt Johnston.
12:45 of 2nd period - Shot Blocked by Ryan McDonagh.
13:43 of 2nd period - Ryan Pulock is hit by Anton Lundell and loses puck.
14:08 of 2nd period - Minor Penalty to Nicolas Roy for Cross-checking.
14:09 of 2nd period - Quinton Byfield wins face-off versus Casey Mittelstadt in Toronto Maple Leafs zone.
14:09 of 2nd period - Quinton Byfield is hit by Artturi Lehkonen.
16:08 of 2nd period - Penalty to Nicolas Roy is over, Nicolas Roy is back on ice.
16:14 of 2nd period - Wrist shot by Bobby McMann.
16:14 of 2nd period - Shot Misses the Net.
16:20 of 2nd period - Wrist shot by Sean Couturier.
16:20 of 2nd period - Shot Misses the Net.
17:00 of 2nd period - Ryan McDonagh is hit by Andrew Mangiapane and loses puck.
17:13 of 2nd period - Wrist shot by Brady Tkachuk.
17:13 of 2nd period - Stopped by Cam Talbot without a rebound.
17:14 of 2nd period - Wyatt Johnston wins face-off versus Casey Mittelstadt in Vancouver Canucks zone.
17:17 of 2nd period - Wrist shot by Quinton Byfield.
17:17 of 2nd period - Shot Misses the Net.
17:19 of 2nd period - Snap shot by Quinton Byfield.
17:19 of 2nd period - Shot Misses the Net.
17:21 of 2nd period - Slapshot by Mario Ferraro.
17:21 of 2nd period - Stopped by Cam Talbot with a rebound.
17:57 of 2nd period - Icing by Noah Hanifin.
17:58 of 2nd period - Scott Laughton wins face-off versus Casey Mittelstadt in Vancouver Canucks zone.
18:13 of 2nd period - Slapshot by Wyatt Johnston.
18:13 of 2nd period - Deflect By Brady Tkachuk.
18:13 of 2nd period - Stopped by Cam Talbot without a rebound.
18:14 of 2nd period - Scott Laughton wins face-off versus Ty Dellandrea in Vancouver Canucks zone.
18:15 of 2nd period - Wrist shot by Brandon Saad.
18:15 of 2nd period - Shot Blocked by Ryan McDonagh.
18:17 of 2nd period - Slapshot by Cody Ceci.
18:17 of 2nd period - Stopped by Cam Talbot without a rebound.
18:18 of 2nd period - Scott Laughton wins face-off versus Ty Dellandrea in Vancouver Canucks zone.
18:19 of 2nd period - Snap shot by Nicolas Roy.
18:19 of 2nd period - Stopped by Cam Talbot with a rebound.
18:21 of 2nd period - Slapshot by Brandon Saad.
18:21 of 2nd period - Stopped by Cam Talbot with a rebound.
18:23 of 2nd period - Slapshot by Cody Ceci.
18:23 of 2nd period - Stopped by Cam Talbot with a rebound.
18:25 of 2nd period - Wrist shot by Nicolas Roy.
18:25 of 2nd period - Deflect By Brandon Saad.
18:25 of 2nd period - Stopped by Cam Talbot without a rebound.
18:26 of 2nd period - Ty Dellandrea wins face-off versus Wyatt Johnston in Vancouver Canucks zone.
19:00 of 2nd period - Wrist shot by Sean Couturier.
19:00 of 2nd period - Shot Misses the Net.
19:20 of 2nd period - Wrist shot by Mikko Rantanen.
19:20 of 2nd period - Shot Misses the Net.
19:34 of 2nd period - Wrist shot by Mackie Samoskevich.
19:34 of 2nd period - Stopped by Cam Talbot with a rebound.
Goals for this period are 2 for Vancouver Canucks vs 0 for Toronto Maple Leafs.
Shots for this period are 12 for Vancouver Canucks vs 12 for Toronto Maple Leafs.

3rd period


0:01 of 3rd period - Clayton Keller wins face-off versus Sam Bennett in neutral zone.
0:01 of 3rd period - Clayton Keller is hit by Sam Bennett.
0:13 of 3rd period - Cody Ceci is hit by Clayton Keller.
0:16 of 3rd period - Off-side.
0:17 of 3rd period - Wyatt Johnston wins face-off versus Ty Dellandrea in neutral zone.
1:09 of 3rd period - Icing by Jesperi Kotkaniemi.
1:10 of 3rd period - Sean Couturier wins face-off versus Wyatt Johnston in Vancouver Canucks zone.
1:15 of 3rd period - Mario Ferraro is hit by Sean Couturier and loses puck.
1:31 of 3rd period - Backhand shot by Jesperi Kotkaniemi.
1:31 of 3rd period - Stopped by Joonas Korpisalo without a rebound.
1:32 of 3rd period - Sam Bennett wins face-off versus Clayton Keller in Toronto Maple Leafs zone.
1:55 of 3rd period - Minor Penalty to Mikko Rantanen for High sticking.
1:56 of 3rd period - Anton Lundell wins face-off versus Wyatt Johnston in Vancouver Canucks zone.
3:55 of 3rd period - Penalty to Mikko Rantanen is over, Mikko Rantanen is back on ice.
4:02 of 3rd period - Snap shot by Mikko Rantanen.
4:02 of 3rd period - Shot Blocked by Mario Ferraro.
4:04 of 3rd period - Snap shot by Mikko Rantanen.
4:04 of 3rd period - Shot Misses the Net.
4:06 of 3rd period - Snap shot by Mikko Rantanen.
4:06 of 3rd period - Stopped by Joonas Korpisalo with a rebound.
4:08 of 3rd period - Snap shot by Emil Martinsen Lilleberg.
4:08 of 3rd period - Shot Blocked by Ryan Pulock.
4:48 of 3rd period - Snap shot by Mackie Samoskevich.
4:48 of 3rd period - Stopped by Cam Talbot without a rebound.
4:49 of 3rd period - Nick Bjugstad wins face-off versus Casey Mittelstadt in Vancouver Canucks zone.
4:58 of 3rd period - Wrist shot by Mackie Samoskevich.
4:58 of 3rd period - Shot Misses the Net.
5:00 of 3rd period - Wrist shot by Mackie Samoskevich.
5:00 of 3rd period - Shot Misses the Net.
5:21 of 3rd period - Snap shot by Casey Mittelstadt.
5:21 of 3rd period - Shot Misses the Net.
5:23 of 3rd period - Slapshot by Noah Hanifin.
5:23 of 3rd period - Shot Blocked by Troy Terry.
5:25 of 3rd period - Snap shot by Artturi Lehkonen.
5:25 of 3rd period - Goal by Artturi Lehkonen - Vancouver Canucks : 4 - Toronto Maple Leafs : 2.
5:26 of 3rd period - Wyatt Johnston wins face-off versus Ty Dellandrea in neutral zone.
5:35 of 3rd period - Snap shot by Quinton Byfield.
5:35 of 3rd period - Stopped by Cam Talbot with a rebound.
5:41 of 3rd period - Snap shot by Wyatt Johnston.
5:41 of 3rd period - Stopped by Cam Talbot without a rebound.
5:42 of 3rd period - Troy Terry wins face-off versus Clayton Keller in Vancouver Canucks zone.
5:43 of 3rd period - Snap shot by Sam Bennett.
5:43 of 3rd period - Stopped by Cam Talbot with a rebound.
5:51 of 3rd period - Noah Hanifin is hit by Sam Bennett.
6:09 of 3rd period - Miro Heiskanen is hit by Wyatt Johnston and loses puck.
6:16 of 3rd period - Slapshot by Quinton Byfield.
6:16 of 3rd period - Shot Blocked by Connor Zary.
6:18 of 3rd period - Slapshot by Mario Ferraro.
6:18 of 3rd period - Shot Misses the Net.
6:20 of 3rd period - Snap shot by Brady Tkachuk.
6:20 of 3rd period - Shot Misses the Net.
6:34 of 3rd period - Wrist shot by Bobby McMann.
6:34 of 3rd period - Stopped by Joonas Korpisalo with a rebound.
6:36 of 3rd period - Slapshot by Noah Hanifin.
6:36 of 3rd period - Shot Misses the Net.
6:38 of 3rd period - Slapshot by Sean Couturier.
6:38 of 3rd period - Deflect By Jesperi Kotkaniemi.
6:38 of 3rd period - Shot Hit the Post.
6:38 of 3rd period - Puck is out of play.
6:39 of 3rd period - Clayton Keller wins face-off versus Sam Bennett in Toronto Maple Leafs zone.
6:48 of 3rd period - Snap shot by Sam Bennett.
6:48 of 3rd period - Shot Blocked by Joel Hanley.
6:50 of 3rd period - Slapshot by Warren Foegele.
6:50 of 3rd period - Shot Blocked by Joel Hanley.
6:52 of 3rd period - Snap shot by Warren Foegele.
6:52 of 3rd period - Shot Blocked by Ryan McDonagh.
7:50 of 3rd period - Snap shot by Casey Mittelstadt.
7:50 of 3rd period - Shot Blocked by Andrew Mangiapane.
7:52 of 3rd period - Wrist shot by Emil Martinsen Lilleberg.
7:52 of 3rd period - Stopped by Joonas Korpisalo with a rebound.
7:54 of 3rd period - Slapshot by Jake Bean.
7:54 of 3rd period - Deflect By Mikko Rantanen.
7:54 of 3rd period - Goal by Mikko Rantanen - Vancouver Canucks : 5 - Toronto Maple Leafs : 2.
7:55 of 3rd period - Sam Bennett wins face-off versus Clayton Keller in neutral zone.
8:06 of 3rd period - Slapshot by Troy Terry.
8:06 of 3rd period - Shot Misses the Net.
8:08 of 3rd period - Slapshot by Warren Foegele.
8:08 of 3rd period - Deflect By Sam Bennett.
8:08 of 3rd period - Stopped by Cam Talbot without a rebound.
8:09 of 3rd period - Wyatt Johnston wins face-off versus Clayton Keller in Vancouver Canucks zone.
8:20 of 3rd period - Slapshot by Noah Hanifin.
8:20 of 3rd period - Stopped by Joonas Korpisalo without a rebound.
8:21 of 3rd period - Wyatt Johnston wins face-off versus Clayton Keller in Toronto Maple Leafs zone.
8:21 of 3rd period - Wyatt Johnston is hit by Artturi Lehkonen.
8:36 of 3rd period - Minor Penalty to Mikko Rantanen for Tripping.
8:37 of 3rd period - Sam Bennett wins face-off versus Artturi Lehkonen in Vancouver Canucks zone.
8:37 of 3rd period - Slapshot by Troy Terry.
8:37 of 3rd period - Shot Blocked by Ty Dellandrea.
8:43 of 3rd period - Snap shot by Troy Terry.
8:43 of 3rd period - Shot Misses the Net.
8:45 of 3rd period - Snap shot by Sam Bennett.
8:45 of 3rd period - Shot Blocked by Joel Hanley.
8:47 of 3rd period - Snap shot by Mario Ferraro.
8:47 of 3rd period - Shot Misses the Net.
8:49 of 3rd period - Snap shot by Mario Ferraro.
8:49 of 3rd period - Deflect By Sam Bennett.
8:49 of 3rd period - Shot Misses the Net.
8:49 of 3rd period - Puck is out of play.
8:50 of 3rd period - Wyatt Johnston wins face-off versus Ty Dellandrea in Vancouver Canucks zone.
8:55 of 3rd period - Snap shot by Brady Tkachuk.
8:55 of 3rd period - Shot Misses the Net.
9:17 of 3rd period - Sam Bennett is hit by Ty Dellandrea and loses puck.
10:36 of 3rd period - Penalty to Mikko Rantanen is over, Mikko Rantanen is back on ice.
11:18 of 3rd period - Snap shot by Clayton Keller.
11:18 of 3rd period - Shot Misses the Net.
13:23 of 3rd period - Connor Zary is hit by Cody Ceci.
14:00 of 3rd period - Icing by Sam Malinski.
14:01 of 3rd period - Scott Laughton wins face-off versus Clayton Keller in Toronto Maple Leafs zone.
14:28 of 3rd period - Snap shot by Quinton Byfield.
14:28 of 3rd period - Stopped by Cam Talbot with a rebound.
14:30 of 3rd period - Slapshot by Cody Ceci.
14:30 of 3rd period - Deflect By Quinton Byfield.
14:30 of 3rd period - Shot Blocked by Emil Martinsen Lilleberg.
14:30 of 3rd period - Puck is out of play.
14:31 of 3rd period - Casey Mittelstadt wins face-off versus Sam Bennett in Vancouver Canucks zone.
14:40 of 3rd period - Backhand shot by Sam Bennett.
14:40 of 3rd period - Shot Misses the Net.
14:58 of 3rd period - Wrist shot by Sean Couturier.
14:58 of 3rd period - Shot Blocked by Ryan Pulock.
15:06 of 3rd period - Wrist shot by Brady Tkachuk.
15:06 of 3rd period - Shot Blocked by Joel Hanley.
15:28 of 3rd period - Wrist shot by Anton Lundell.
15:28 of 3rd period - Shot Blocked by Aaron Ekblad.
15:40 of 3rd period - Mikko Rantanen is hit by Andrew Mangiapane and loses puck.
16:01 of 3rd period - Snap shot by Sam Bennett.
16:01 of 3rd period - Shot Blocked by Jake Bean.
16:03 of 3rd period - Slapshot by Sam Malinski.
16:03 of 3rd period - Stopped by Cam Talbot with a rebound.
16:05 of 3rd period - Snap shot by Sam Bennett.
16:05 of 3rd period - Stopped by Cam Talbot with a rebound.
16:07 of 3rd period - Snap shot by Warren Foegele.
16:07 of 3rd period - Stopped by Cam Talbot with a rebound.
16:19 of 3rd period - Wrist shot by Brady Tkachuk.
16:19 of 3rd period - Stopped by Cam Talbot without a rebound.
16:20 of 3rd period - Ty Dellandrea wins face-off versus Brady Tkachuk in Vancouver Canucks zone.
16:25 of 3rd period - Snap shot by Noah Hanifin.
16:25 of 3rd period - Shot Misses the Net.
16:33 of 3rd period - Mario Ferraro is hit by Anton Lundell and loses puck.
16:58 of 3rd period - Snap shot by Brady Tkachuk.
16:58 of 3rd period - Stopped by Cam Talbot without a rebound.
16:59 of 3rd period - Clayton Keller wins face-off versus Sam Bennett in Vancouver Canucks zone.
17:12 of 3rd period - Slapshot by Sam Bennett.
17:12 of 3rd period - Stopped by Cam Talbot without a rebound.
17:13 of 3rd period - Troy Terry wins face-off versus Clayton Keller in Vancouver Canucks zone.
17:18 of 3rd period - Wrist shot by Troy Terry.
17:18 of 3rd period - Deflect By Sam Bennett.
17:18 of 3rd period - Shot Misses the Net.
17:18 of 3rd period - Puck is out of play.
17:19 of 3rd period - Sam Bennett wins face-off versus Clayton Keller in Vancouver Canucks zone.
17:26 of 3rd period - Backhand shot by Troy Terry.
17:26 of 3rd period - Shot Misses the Net.
17:42 of 3rd period - Wrist shot by Troy Terry.
17:42 of 3rd period - Stopped by Cam Talbot without a rebound.
17:43 of 3rd period - Ty Dellandrea wins face-off versus Wyatt Johnston in Vancouver Canucks zone.
17:58 of 3rd period - Slapshot by Brady Tkachuk.
17:58 of 3rd period - Goal by Brady Tkachuk - Vancouver Canucks : 5 - Toronto Maple Leafs : 3.
17:59 of 3rd period - Sean Couturier wins face-off versus Scott Laughton in neutral zone.
19:38 of 3rd period - Snap shot by Nicolas Roy.
19:38 of 3rd period - Shot Blocked by Jesperi Kotkaniemi.
Goals for this period are 2 for Vancouver Canucks vs 1 for Toronto Maple Leafs.
Shots for this period are 7 for Vancouver Canucks vs 14 for Toronto Maple Leafs.